 Dungeon Crawl Stone Soup version 0.22.0-49-gab54619 (webtiles) character file.

110 Spepijn the Caller (level 4, -1/24 HPs)
             Began as a Deep Elf Summoner on Sept 3, 2018.
             Was an Initiate of Makhleb.
             Killed by divine providence
             ... invoked by an orc priest
              (13 damage)
             ... on level 3 of the Dungeon.
             The game lasted 00:22:15 (3896 turns).

Spepijn the Caller (Deep Elf Summoner)              Turns: 3896, Time: 00:22:18

Health: -1/24      AC:  5    Str:  5    XL:     4   Next: 61%
Magic:  4/12       EV: 13    Int: 21    God:    Makhleb [......]
Gold:   44         SH:  0    Dex: 15    Spells: 5/11 levels left

rFire    . . .     SeeInvis .   l - -2 spear (curse)
rCold    . . .     Gourm    .   (no shield)
rNeg     . . .     Faith    .   a - +0 robe
rPois    .         Spirit   .   (no helmet)
rElec    .         Reflect  .   r - +1 cloak
rCorr    .         Harm     .   (no gloves)
MR       .....                  p - +0 pair of boots
Stlth    +++.......             (no amulet)
HPRegen  0.08/turn              e - ring of stealth
MPRegen  0.13/turn              (no ring)

@: no status effects
A: no striking features
a: Renounce Religion


You were on level 3 of the Dungeon.
You worshipped Makhleb.
Makhleb was noncommittal.
You were not hungry.

You visited 1 branch of the dungeon, and saw 3 of its levels.

You collected 44 gold pieces.

Inventory:

Hand Weapons
 d - a +0 hunting sling
 i - a +0 dagger of freezing
 l - a cursed -2 spear (weapon)
 m - a +2 short sword of draining
Missiles
 g - 95 stones (quivered)
 q - 16 sling bullets
Armour
 a - a +0 robe (worn)
 f - a +0 naga barding
 p - a +0 pair of boots (worn)
 r - a +1 cloak (worn)
 s - a scarf of spirit shield
Jewellery
 e - a ring of stealth (left hand)
Scrolls
 b - 4 scrolls of teleportation
 h - 2 scrolls of amnesia
 o - a scroll of fear
 u - a scroll of identify
Potions
 j - a potion of resistance {unknown}
 k - a potion of magic {unknown}
 n - a potion of agility {unknown}
 t - a potion of heal wounds {unknown}
Comestibles
 c - 3 rations


   Skills:
 + Level 0.1 Fighting
 - Level 2.4 Dodging
 + Level 3.6 Stealth
 + Level 4.0 Spellcasting
 + Level 1.1 Hexes
 * Level 5.5 Summonings


You had 5 spell levels left.
You knew the following spells:

 Your Spells              Type           Power        Failure   Level  Hunger
a - Summon Small Mammal   Summ           ####         1%          1    None
b - Call Imp              Summ           ####....     1%          2    #......
c - Summon Guardian Gole  Hex/Summ       ###.....     9%          3    ###....

Your spell library contained the following spells:

 Spells                   Type           Power        Failure   Level  Hunger
 Call Canine Familiar     Summ           ####....     3%          3    ###....
 Summon Ice Beast         Ice/Summ       ###.....     36%         4    ####...
 Summon Lightning Spire   Summ/Air       ###.....     36%         4    ####...


Dungeon Overview and Level Annotations

Branches:
Dungeon (3/15)

Altars:
Makhleb


Message History

Things that are here:
a club; a leather armour; an orc corpse The orc closely misses your crimson imp.
The orc priest begins to cast a cantrip, but forgets the words!
The orc barely misses your crimson imp.
The orc priest calls down the wrath of Beogh upon you.
Beogh smites you!
Ouch! That really hurt!
The orc misses your crimson imp.
The orc hits your crimson imp with a falchion.
Your crimson imp hits the orc but does no damage.
The orc priest begins to cast a cantrip, but forgets the words!
Your white imp gestures at the orc.
The puff of frost hits the orc.
The orc closely misses your crimson imp.
Your crimson imp closely misses the orc.
The orc priest mumbles some strange prayers to Beogh against you.
Beogh smites you!
Ouch! That really hurt!
You die...

5# #....†<)5....... .#
#..##.##........ .###
#.o.[.###..≈...≈ .5.#
#...### ....... ##.#
#..o## .###### #.##
#55..####.. #..#####
##5#......#
##.....#########.#.......
#####.........@....###.#
####........##.# .
###..).####.#.....#
#...#### #.####....
##.### ..# ..... ####..#
#.## ... .<)..## #. .
.....# .. .....# .#


You could see an orc priest, an orc, a friendly crimson imp and a friendly white
imp.

Vanquished Creatures (collateral kills)
  Natasha (thrice) (D:2)
  A worker ant (D:2)
  4 adders
  2 worms (D:2)
  A dart slug (D:1)
  2 leopard geckos (D:1)
  3 orcs (D:3)
  A giant cockroach (D:1)
  5 goblins (D:1)
  7 hobgoblins
  5 jackals
  7 kobolds
  A quokka (D:2)
  5 bats
  6 frilled lizards
  4 rats
57 creatures vanquished.

Notes
Turn   | Place    | Note
-------+----------+-------------------------------------------
     0 | D:1      | Spepijn the Deep Elf Summoner began the quest for the Orb.
     0 | D:1      | Reached XP level 1. HP: 10/10 MP: 6/6
   351 | D:1      | Reached XP level 2. HP: 15/15 MP: 2/8
  1695 | D:2      | Noticed Natasha
  1700 | D:2      | Noticed a crimson imp
  1707 | D:2      | Noticed a crimson imp
  1712 | D:2      | Killed Natasha
  1712 | D:2      | Reached skill level 5 in Summonings
  1712 | D:2      | Reached XP level 3. HP: 19/19 MP: 5/10
  2191 | D:2      | Learned a level 2 spell: Call Imp
  2195 | D:2      | Learned a level 3 spell: Summon Guardian Golem
  2224 | D:2      | Noticed Natasha
  2230 | D:2      | Killed Natasha
  2230 | D:2      | Reached XP level 4. HP: 24/24 MP: 1/11
  2692 | D:2      | Noticed Natasha
  2729 | D:2      | Killed Natasha
  2830 | D:2      | Found a burning altar of Makhleb.
  2830 | D:2      | Noticed an Executioner
  2833 | D:2      | Noticed a hellwing
  2833 | D:2      | Noticed a ynoxinul
  2835 | D:2      | Became a worshipper of Makhleb the Destroyer
  3086 | D:2      | Reached skill level 1 in Hexes
  3896 | D:3      | Killed from afar by an orc priest

Skill      XL: |  1  2  3  4 |
---------------+-------------+-----
Stealth        | 3 |  3.6
Summonings     | 5 |  5.5
Spellcasting   | 4 |  4.0
Hexes          | 1 |  1.1
Fighting       | |  0.1
Dodging        | |  2.4

Action                   |  1- 3 |  4- 6 || total
-------------------------+-------+-------++-------
Melee: Spear             |       |     1 ||     1
Throw: Stone             |     2 |     2 ||     4
 Cast: Summon Small Mamm |   104 |     2 ||   106
       Call Imp          |     3 |    34 ||    37
       Summon Guardian G |     1 |     6 ||     7
  Use: Scroll            |     4 |     3 ||     7
  Eat: Chunk             |     3 |       ||     3
       Ration            |     1 |     1 ||     2
Armor: Robe              |     4 |     8 ||    12
Dodge: Dodged            |    33 |    31 ||    64
